 Dungeon Crawl Stone Soup version 0.31-a0-303-gdc8c9485ea (webtiles) character file.

Game seed: 1957064994990974770

88 themarg the Changeling (level 4, 0/57 HPs)
             Began as a Draconian Shapeshifter on July 17, 2023.
             Killed from afar by a white imp (8 damage)
             ... with a puff of frost
             ... summoned by Eustachio
             ... on level 4 of the Dungeon.
             The game lasted 00:05:27 (2611 turns).

themarg the Changeling (Draconian Shapeshifter)     Turns: 2611, Time: 00:05:28

Health: 0/57       AC: 22    Str: 19    XL:     4   Next: 29%
Magic:  4/4        EV:  2    Int:  8    God:
Gold:   120        SH:  0    Dex: 12    Spells: 3/3 levels left

rFire   . .          .
                       - Unarmed
rCold   . . .        (no shield)
rNeg    . . .        (body armour unavailable)
rPois   +            (helmet currently unavailable)
rElec   .            p - melded +1 cloak
rCorr   .            (gloves currently unavailable)
SInv    .            (boots currently unavailable)
Will    .....        (no amulet)
Stlth   ++           (no ring)
HPRegen 0.29/turn    (no ring)
MPRegen 0.09/turn

%: no passive effects
@: tree-form
A: stationary, stasis, torment immunity, boosted hp, AC +5, unfitting armour,
(cold-blooded)
a: no special abilities


You were on level 4 of the Dungeon.
You were a tree.
You visited 1 branch of the dungeon, and saw 4 of its levels.

You collected 120 gold pieces.

Inventory:

Missiles
 f - 27 stones
 g - 10 poisoned darts
Armour
 p - a +1 cloak (melded)
 q - a +0 buckler
Talismans
 b - a beast talisman
Scrolls
 c - a scroll of immolation {unknown}
 d - a scroll of enchant weapon {unknown}
 h - a scroll of enchant armour
 i - a scroll of vulnerability {unknown}
 j - a scroll of revelation
 l - a scroll of blinking {unknown}
 m - a scroll of poison {unknown}
Potions
 k - a potion of brilliance
 o - a potion of heal wounds {unknown}


   Skills:
 + Level 3.2 Fighting
 - Level 1.7 Dodging
 + Level 1.7 Stealth
 + Level 2.8 Unarmed Combat
 + Level 3.4 Shapeshifting


You had 3 spell levels left.
You didn't know any spells.
Your spell library contained the following spells:

 Spells                   Type           Power      Damage    Failure   Level
 Necrotise                Necr           0%         1d4       41%         1
 Inner Flame              Hex/Fire       0%         N/A       78%         3
 Vampiric Draining        Necr           0%         2d6       78%         3
 Flame Wave               Conj/Fire      0%         2d4       99%         4
 Sticky Flame             Conj/Fire      0%         2d3       99%         4
 Agony                    Necr           0%         N/A       100%        5


Dungeon Overview and Level Annotations

Branches:
Dungeon (4/15)
 Temple: D:4-7

Altars:

Shops:
D:3 =

Annotations:
D:2 Sigmund
D:4 Eustachio


Innate Abilities, Weirdness & Mutations

You are a tree.
Your roots penetrate the ground, keeping you stationary.
You cannot be teleported.
You are immune to unholy pain and torment.
Your maximum health is greatly increased.
Your equipment is partially melded.
((Your plain brown scales are hard. (AC +5)))
You cannot fit into any form of body armour.
((You are cold-blooded and may be slowed by cold attacks.))


Message History

The puff of frost misses you.
The puff of frost hits the crimson imp.
The iron imp shouts, "Slither home, thou lumpish rude-growing haggard!"
The iron imp closely misses you.
Eustachio gestures wildly while chanting.
You barely miss Eustachio.
Eustachio is moderately wounded.
The adder hisses angrily.
The crimson imp misses you. The white imp hits you. The white imp freezes you.
You feel yourself slow down.
Eustachio mumbles some strange words.
Eustachio blinks!
The iron imp hits you. The bat barely misses you. The bat misses you.
The quokka bites you but does no damage.
The white imp gestures at you. The puff of frost misses you.
The puff of frost hits the quokka!
The quokka dies!
The quokka's corpse disappears in a puff of smoke!
The crimson imp hits you.
* * * LOW HITPOINT WARNING * * *
Eustachio casts a spell.
Eustachio blinks!
The iron imp misses you. The bat completely misses you. The bat hits you.
* * * LOW HITPOINT WARNING * * *
Okay, then.
Really quaff the potion of lignification?
Your transformation has ended.
Your +1 cloak unmelds from your body.
You turn into a tree.
Your +1 cloak melds into your body.
Your roots penetrate the ground.
You feel yourself speed up.
The bat hits you but does no damage. x3; The white imp hits you.
* * * LOW HITPOINT WARNING * * *
The white imp freezes you.
* * * LOW HITPOINT WARNING * * *
The crimson imp blinks!
The iron imp hits you.
* * * LOW HITPOINT WARNING * * *
The crimson imp blinks!
The white imp spits at you. The white imp gestures at you.
The puff of frost hits you!
You die...

### ..# ###.#
#######.#.#
##.....#...#########
#..........5b§......
#>.......@r5♣.S.....
#.####.##.###§b.....
#......<..# ....5..
#.####....# .......
#....# .......
......# .......
#..#.## .......
#..#.. .###.##
#..####


You could see Eustachio, an iron imp (summoned), a crimson imp (summoned), an
adder, a river rat (summoned), a white imp (summoned) and 2 bats.

Vanquished Creatures
  3 adders (D:2)
  2 worms
  A dart slug (D:1)
  4 orcs (D:3)
  2 endoplasms (D:1)
  4 giant cockroaches
  2 goblins
  4 hobgoblins
  3 jackals (D:2)
  5 kobolds
  4 quokkas
  3 ball pythons (D:1)
  2 bats (D:1)
  2 frilled lizards
  5 rats
46 creatures vanquished.

Notes
Turn   | Place    | Note
-------+----------+-------------------------------------------
     0 | D:1      | themarg the Draconian Shapeshifter began the quest for the
                  | Orb.
     0 | D:1      | Reached XP level 1. HP: 17/17 MP: 1/1
   212 | D:1      | Reached XP level 2. HP: 24/25 MP: 2/2
   222 | D:1      | Found a faded altar of an unknown god.
   704 | D:1      | Reached skill level 1 in Stealth
  1121 | D:2      | Reached XP level 3. HP: 20/30 MP: 3/3
  1577 | D:2      | Reached XP level 4. HP: 38/38 MP: 4/4
  1854 | D:2      | Noticed Sigmund
  2257 | D:3      | Found Baij's Jewellery Boutique.
  2595 | D:4      | Noticed Eustachio
  2611 | D:4      | Killed from afar by a white imp

Illustrated notes

Levels and vault maps discovered:
D:1:      dpeg_arrival_renting, layout_basic, hellmonk_ecumenical_altar_run_dry
D:2:      layout_loops_ring, serial_co_window_serial,
          co_window_of_opportunity_a, co_window_paths_b, co_window_paths_a,
          co_window_corner_a, co_window_corner_a, co_window_of_opportunity_b,
          co_window_corner_cb, co_window_of_opportunity_b, co_window_paths_c,
          co_window_broadway_c, co_window_corner_ca, co_window_of_opportunity_b,
          glass_columns_a, uniq_sigmund
D:3:      layout_basic, serial_shops, shop
D:4:      layout_basic, minivault_23, uniq_robin, uniq_pikel, uniq_natasha,
          uniq_ijyb, uniq_eustachio

Skill      XL: |  1  2  3 |
---------------+----------+-----
Stealth        | 1 |  1.7
Fighting       | 3 |  3.2
Dodging        | |  1.7
Unarmed Combat | |  2.8
Shapeshifting  | |  3.4

Action                     |  1- 3 |  4- 6 || total
---------------------------+-------+-------++-------
  Melee: Unarmed           |    87 |    65 ||   152
         Tailslap          |     7 |     9 ||    16
         Punch             |     1 |     1 ||     2
    Use: Scroll            |       |     4 ||     4
         Potion            |       |     1 ||     1
   Stab: Sleeping          |     2 |       ||     2
 Armour: Skin              |    17 |    26 ||    43
  Dodge: Dodged            |    36 |    53 ||    89
         Form:             |       |     1 ||     1
         Beast             |       |     1 ||     1

Table legend: (Time is in decaauts)
 A = Elapsed time spent in this place.
 B = Non-inter-level travel time spent in this place.
 C = Inter-level travel time spent in this place.
 D = Time resting spent in this place.
 E = Time spent auto-exploring this place.
 F = Levels seen in this place.
 G = Mean time per level.
                   A        B        C        D        E       F      G
               +--------+--------+--------+--------+--------+-----+--------+
         Total |   2602 |   2565 |     37 |    100 |   2049 |   4 |  650.5 |
       Dungeon |   2602 |   2565 |     37 |    100 |   2049 |   4 |  650.5 |
               +--------+--------+--------+--------+--------+-----+--------+

Top non-repeatable levels by time:
     D:1: 1107 daAuts
     D:2: 762 daAuts
     D:3: 714 daAuts
     D:4: 17 daAuts
